 Dungeon Crawl Stone Soup version 0.27-a0-998-g4cfe56dd59 (webtiles) character file.

Game seed: 10344893655540022863

23783 spiderkeys the Grappler (level 12, -2/127 HPs)
             Began as a Troll Monk on Apr 17, 2021.
             Was a High Priest of Makhleb.
             Slain by a death knight
             ... wielding a +3 glaive
              (14 damage)
             ... on level 12 of the Dungeon.
             The game lasted 00:19:16 (11349 turns).

spiderkeys the Grappler (Troll Monk)               Turns: 11349, Time: 00:19:18

Health: -2/127     AC:  6    Str: 24    XL:     12   Next: 74%
Magic:  14/14      EV: 14    Int:  6    God:    Makhleb [*****.]
Gold:   356        SH:  0    Dex: 14    Spells: 10/11 levels left

rFire    . . .     SeeInvis .     - Unarmed
rCold    . . .     Faith    .   (no shield)
rNeg     . . .     Spirit   .   N - +0 troll leather armour
rPois    +         Reflect  .   (helmet restricted)
rElec    .         Harm     .   (no cloak)
rCorr    .         Rampage  .   (gloves unavailable)
Will     +....                  (boots unavailable)
Stlth    +.........             g - amulet of regeneration
HPRegen  3.31/turn              j - ring of willpower
MPRegen  0.14/turn              P - ring of poison resistance

@: no status effects
A: large, unfitting armour, claws 3, regeneration 1, shaggy fur 1, tough skin 1
a: Renounce Religion, Minor Destruction, Lesser Servant of Makhleb, Major
Destruction, Greater Servant of Makhleb


You were on level 12 of the Dungeon.
You worshipped Makhleb.
Makhleb was extremely pleased with you.
You visited 2 branches of the dungeon, and saw 14 of its levels.

You collected 608 gold pieces.
You spent 252 gold pieces at shops.


Innate Abilities, Weirdness & Mutations

You are too large for most types of armour.
You have claws for hands.
Your natural rate of healing is unusually fast.
You are covered in fur. (AC +1)
You have tough skin. (AC +1)


   Skills:
 + Level 10.4 Fighting
 - Level 2.2 Armour
 + Level 10.4 Dodging
 - Level 1.0 Stealth
 + Level 12.2 Unarmed Combat
 - Level 5.0 Invocations


You had 10 spell levels left.
You knew the following spells:

 Your Spells              Type           Power      Damage    Failure   Level
b - Beastly Appendage     Tmut           0%         N/A       50%         1

Your spell library contained the following spells:

 Spells                   Type           Power      Damage    Failure   Level
 Magic Dart               Conj           0%         1d3       50%         1
 Blink                    Tloc           N/A        N/A       65%         2
 Call Imp                 Summ           0%         N/A       65%         2
 Searing Ray              Conj           0%         3d3       65%         2
 Slow                     Hex            0%         N/A       65%         2
 Wereblood                Tmut           0%         N/A       65%         2
 Conjure Flame            Conj/Fire      0%         6-21      86%         3
 Dazzling Flash           Conj/Hex       0%         N/A       86%         3
 Mephitic Cloud           Conj/Pois/Air  0%         N/A       86%         3
 Spider Form              Tmut/Pois      0%         N/A       86%         3
 Cause Fear               Hex            0%         N/A       99%         4
 Fulminant Prism          Conj/Hex       0%         3d6       99%         4
 Ice Form                 Ice/Tmut       0%         N/A       99%         4
 Iskenderun's Mystic Bla  Conj/Tloc      0%         2d3       99%         4
 Hydra Form               Tmut           0%         N/A       100%        5
 Silence                  Hex/Air        0%         N/A       100%        5
 Yara's Violent Unravell  Hex/Tmut       0%         3d3       100%        5
 Discord                  Hex            0%         N/A       100%        8

Inventory:

Missiles
 k - 153 arrows
 m - 333 stones (quivered)
 n - 10 large rocks {=f}
 w - 202 sling bullets
 x - 2 datura-tipped darts
 B - 2 boomerangs
 D - 56 poisoned darts
 H - 2 throwing nets {=f!f}
 I - 56 bolts
 O - 6 curare-tipped darts {=f}
Armour
 N - a +0 troll leather armour (worn)
   (You found it on level 10 of the Dungeon)
Jewellery
 g - an amulet of regeneration (around neck)
   (You found it on level 6 of the Dungeon)
 j - a ring of willpower (left claw)
   (You found it on level 2 of the Dungeon)
 C - a ring of protection from cold
   (You found it on level 2 of the Dungeon)
 E - a ring of willpower
   (You found it on level 12 of the Dungeon)
 G - an amulet of guardian spirit
   (You found it on level 6 of the Dungeon)
 P - a ring of poison resistance (right claw)
   (You found it on level 7 of the Dungeon)
 T - an amulet of faith {!P}
   (You found it on level 3 of the Dungeon)
Wands
 q - a wand of flame (75)
   (You took it off a goblin on level 4 of the Dungeon)
 t - a wand of polymorph (20)
   (You found it on level 4 of the Dungeon)
 A - a wand of mindburst (15)
   (You found it on level 7 of the Dungeon)
 J - a wand of iceblast (22)
   (You found it on level 9 of the Dungeon)
 K - a wand of acid (11)
   (You found it on level 9 of the Dungeon)
Scrolls
 h - a scroll of summoning
 o - 2 scrolls of blinking {!r}
 p - 2 scrolls of enchant weapon
 u - 8 scrolls of teleportation {@r4}
 v - a scroll of immolation {!r!r}
 y - 3 scrolls of fear
 F - a scroll of identify {@r1}
 L - 3 scrolls of magic mapping {!r}
 M - a scroll of torment {!r}
 Q - a scroll of fog
Potions
 a - a potion of flight
 d - 2 potions of cancellation
 e - 2 potions of degeneration {!q}
 f - 10 potions of curing {@q1}
 i - 2 potions of attraction {!q}
 l - a potion of berserk rage {!q}
 r - 3 potions of mutation {!q}
 s - 2 potions of magic
 z - 2 potions of might
Miscellaneous
 c - a box of beasts
   (You found it on level 11 of the Dungeon)

Dungeon Overview and Level Annotations

Branches:
Dungeon (13/15)            Temple (1/1) D:7            Lair (0/6) D:11
    Orc (0/2) D:12
 Vaults: D:13-14

Altars:
Ashenzari
Cheibriados
Dithmenos
Elyvilon
Fedhas
Gozag
Hepliaklqana
Kikubaaqudgha
Makhleb
Nemelex Xobeh
Okawaru
Qazlal
Ru
Sif Muna
Trog
Uskayaw
Vehumet
Wu Jian
Xom
Yredelemnul
Zin
The Shining One

Shops:
D:1 !   D:7 !   D:12 **[ D:13

( ###########
#.........#
#.###...#.# #.#
#...#.### #.#
###.....# #@#
#.....# #.#
#.....# #p#
#..)..#
#.#######.########
#>.)..............
#.################
#.# #.# #.#


You could see a death knight (drained).


Message History

😨 HP[-33]
You take 33 damage, and now have 48/127 hp.
MASSIVE DAMAGE!! (PAUSE)
You barely miss the death knight.
The death knight hits you with a +3 glaive!!!
* * * LOW HITPOINT WARNING * * *
😱 HP[-35]
You take 35 damage, and now have 13/127 hp.
MASSIVE DAMAGE!! (PAUSE)
You feel much better.
The death knight hits you with a +3 glaive!
* * * LOW HITPOINT WARNING * * *
😱 HP[+5]
You regained 5 hp, and now have 18/127 hp.
You feel much better.
The death knight hits you with a +3 glaive!
* * * LOW HITPOINT WARNING * * *
😱 HP[+10]
You regained 10 hp, and now have 28/127 hp.
Press: ? - help, Shift-Dir - straight line, f - death knight
Aim: a death knight, wielding a +3 glaive and wearing a +0 plate armour (heavily wounded)
The iron shot hits the death knight!
The death knight barely misses you. 😱 HP[-2]
You take 2 damage, and now have 26/127 hp.
Unknown command.
Press: ? - help, Shift-Dir - straight line, f/p - death knight
Aim: a death knight, wielding a +3 glaive and wearing a +0 plate armour (severely wounded)
The bolt of negative energy hits the death knight.
The death knight is drained!
The bolt of negative energy hits the wraith.
The wraith completely resists.
The bolt of negative energy misses the wraith.
The bolt of negative energy hits the skeletal warrior.
The skeletal warrior completely resists.
The death knight offers itself to Yredelemnul, and fills with unholy energy. 😱 HP[-3]
You take 3 damage, and now have 23/127 hp.
The death knight invokes the aid of Yredelemnul against you.
Your body is wracked with pain!
* * * LOW HITPOINT WARNING * * *
You climb upwards.
There is a stone staircase leading down here. 😱 HP[-4]
You take 4 damage, and now have 19/127 hp.
You feel much better.
The death knight completely misses you. 😨 HP[+27]
You regained 27 hp, and now have 46/127 hp.
You scratch the death knight but do no damage.
You claw the death knight!
The death knight reflects your damage back at you!
* * * LOW HITPOINT WARNING * * *
The death knight hits you with a +3 glaive!!
* * * LOW HITPOINT WARNING * * *
😱 HP[-23]
You take 23 damage, and now have 23/127 hp.
You feel much better.
The death knight hits you with a +3 glaive!
* * * LOW HITPOINT WARNING * * *
😨 HP[+20]
You regained 20 hp, and now have 43/127 hp.
The death knight hits you from afar with a +3 glaive!!
* * * LOW HITPOINT WARNING * * *
😱 HP[-25]
You take 25 damage, and now have 18/127 hp. 😱 HP[+4]
You regained 4 hp, and now have 22/127 hp.
The death knight invokes the aid of Yredelemnul against you.
You easily resist. 😱 HP[+3]
You regained 3 hp, and now have 25/127 hp.
The death knight's dark mirror aura disappears.
The death knight mumbles some strange prayers to Yredelemnul against you.
You easily resist. 😱 HP[+3]
You regained 3 hp, and now have 28/127 hp.
Okay, then.
Press: ? - help, Shift-Dir - straight line, f - death knight
Aim: a death knight, wielding a +3 glaive and wearing a +0 plate armour (severely wounded, lightly drained)
You fail to use your ability. 😨 HP[+4]
You regained 4 hp, and now have 32/127 hp.
Press: ? - help, Shift-Dir - straight line, f/p - death knight
Aim: a death knight, wielding a +3 glaive and wearing a +0 plate armour (severely wounded, lightly drained)
The bolt of fire hits the death knight! 😱 HP[-3]
You take 3 damage, and now have 29/127 hp.
Press: ? - help, Shift-Dir - straight line, f/p - death knight
Aim: a death knight, wielding a +3 glaive and wearing a +0 plate armour (almost dead, lightly drained)
The bolt of negative energy misses the death knight.
The death knight invokes the aid of Yredelemnul against you.
Your body is wracked with pain!
* * * LOW HITPOINT WARNING * * *
😱 HP[-15]
You take 15 damage, and now have 14/127 hp.
Press: ? - help, Shift-Dir - straight line, f/p - death knight
Aim: a death knight, wielding a +3 glaive and wearing a +0 plate armour (almost dead, lightly drained)
You hear a mighty clap of thunder!
The bolt of lightning hits the death knight.
The death knight hits you from afar with a +3 glaive!
You die...

Skill      XL: |  1  2  3  4  5  6  7  8  9 10 11 12 |
---------------+-------------------------------------+-----
Armour         | 1 2 |  2.2
Fighting       | 3 4 6 7 8 9 10 | 10.4
Dodging        | 3 4 6 7 8 9 10 | 10.4
Unarmed Combat | 4 5 7 8 9 11 12 | 12.2
Invocations    | 3 5 |  5.0
Stealth        | |  1.0

Action                   |  1- 3 |  4- 6 |  7- 9 | 10-12 || total
-------------------------+-------+-------+-------+-------++-------
Melee: Unarmed           |    47 |   123 |   305 |   568 ||  1043
       Punch             |     3 |     1 |     9 |    43 ||    56
Invok: Major Destruction |       |       |       |     5 ||     5
       Lesser Servant of |       |       |       |     1 ||     1
  Use: Scroll            |     5 |     6 |     5 |     5 ||    21
       Potion            |       |       |       |     9 ||     9
 Stab: Sleeping          |     4 |     3 |     1 |     1 ||     9
       Distracted        |       |       |       |     2 ||     2
Armor: Robe              |    11 |    48 |    55 |    18 ||   132
       Troll leather arm |       |       |       |   101 ||   101
Dodge: Dodged            |    20 |    81 |   171 |   336 ||   608

Levels and vault maps discovered:
D:1:      saegor_arrival_fortress, layout_basic, serial_shops,
          nicolae_shop_temple_entry_statues_fountains
D:2:      layout_loops_ring, amethyst_killhole, kennysheep_generic_room_7
D:3:      layout_loops_ring, hellmonk_ecumenical_altar_inner_sanctum,
          hangedman_decor_growths, uniq_terence, uniq_natasha
D:4:      layout_basic
D:5:      layout_basic, okawaru_ov_weapons_minmay, ebering_ghost_sewer_d,
          minmay_fractal_squares_gapless_5
D:6:      layout_loops_ring, slow_altar_1, general_overflow_altar,
          hangedman_feature_mirror
D:7:      layout_cave_pools, nicolae_ashenzari_panopticon,
          minmay_temple_entry_nine_rooms, serial_shops, kennysheep_mini_moat,
          uniq_joseph
D:8:      layout_basic, dk_yredelemnul_ordeal, zin_angel,
          gammafunk_ghost_spectres
D:9:      layout_basic, nemelex_diamond_rough_becter, minmay_misc_feat_ornament,
          evilmike_butchery
D:10:     layout_cross, nzn_wu_jian_council_hall, minitemple, serial_glass,
          glass_columns_c, glass_columns_b, minmay_beelzebubs_servants
D:11:     layout_gridville, grunt_lair_entry_orc_guard_hut,
          hangedman_abyss_or_decor_clamps, uniq_erolcha
D:12:     layout_basic, kennysheep_orc_monster_closet_entryway, serial_shops,
          kennysheep_little_box, shop, shop
D:13:     layout_small_grid, serial_shops,
          nicolae_shop_competitors_out_of_business
Temple:   minmay_temple_curvy_loop

Notes
Turn   | Place    | Note
-------+----------+-------------------------------------------
     0 | D:1      | spiderkeys the Troll Monk began the quest for the Orb.
     0 | D:1      | Reached XP level 1. HP: 22/22 MP: 0/0
     0 | D:1      | magus.rc [v1.9.10]
    53 | D:1      | Found Bouwaur's Distillery.
   119 | D:1      | Reached XP level 2. HP: 29/29 MP: 1/1
   904 | D:2      | Reached skill level 1 in Armour
   904 | D:2      | Reached XP level 3. HP: 36/36 MP: 2/2
  1558 | D:3      | Reached skill level 3 in Fighting
  1558 | D:3      | Reached XP level 4. HP: 45/45 MP: 3/3
  1563 | D:3      | Reached skill level 3 in Dodging
  1689 | D:3      | Noticed a phantom
  1693 | D:3      | Killed a phantom
  1694 | D:3      | Reached skill level 2 in Armour
  1694 | D:3      | Reached skill level 4 in Unarmed Combat
  1694 | D:3      | Reached XP level 5. HP: 47/53 MP: 4/4
  1700 | D:3      | Noticed Natasha
  1704 | D:3      | Killed Natasha
  1756 | D:3      | Noticed Terence
  1775 | D:3      | Killed Terence
  1827 | D:3      | Reached XP level 6. HP: 55/61 MP: 5/5
  2268 | D:3      | You pick up a book of Conjurations and begin reading...
  2268 | D:3      | You add the spells Magic Dart, Searing Ray, Dazzling Flash,
                  | Fulminant Prism and Iskenderun's Mystic Blast to your
                  | library.
  2337 | D:3      | Found a faded altar of an unknown god.
  2881 | D:4      | You pick up a book of Changes and begin reading...
  2881 | D:4      | You add the spells Beastly Appendage, Wereblood, Spider
                  | Form, Ice Form and Hydra Form to your library.
  2950 | D:4      | Learned a level 1 spell: Beastly Appendage
  3283 | D:5      | Entered Level 5 of the Dungeon
  3319 | D:5      | Found an iron altar of Okawaru.
  3446 | D:5      | Reached skill level 4 in Fighting
  3446 | D:5      | Reached skill level 4 in Dodging
  3446 | D:5      | Reached XP level 7. HP: 70/70 MP: 6/6
  3538 | D:5      | Reached skill level 5 in Unarmed Combat
  3707 | D:5      | Found a runed translucent door.
  3714 | D:5      | Noticed indyram44's ghost (amateur MiBe)
  4129 | D:5      | Killed indyram44's ghost
  4130 | D:5      | Reached XP level 8. HP: 46/79 MP: 7/7
  4176 | D:6      | Reached skill level 5 in Fighting
  4176 | D:6      | Reached skill level 5 in Dodging
  4176 | D:6      | Reached skill level 6 in Unarmed Combat
  4255 | D:6      | Found a snail-covered altar of Cheibriados.
  4283 | D:6      | Found a blossoming altar of Fedhas.
  4577 | D:6      | Found a hazy altar of Hepliaklqana.
  4800 | D:6      | Found a shimmering blue altar of Sif Muna.
  5056 | D:7      | Noticed Joseph
  5305 | D:7      | Killed Joseph
  5306 | D:7      | Reached skill level 6 in Fighting
  5306 | D:7      | Reached skill level 6 in Dodging
  5306 | D:7      | Reached skill level 7 in Unarmed Combat
  5306 | D:7      | Reached XP level 9. HP: 35/89 MP: 8/8
  5365 | D:7      | Found a broken altar of Ashenzari.
  5559 | D:7      | Found Nualilut's Distillery.
  5562 | D:7      | Bought a potion of heal wounds for 60 gold pieces
  5562 | D:7      | Bought a potion of heal wounds for 60 gold pieces
  5714 | D:7      | Found a staircase to the Ecumenical Temple.
  5734 | Temple   | Entered the Ecumenical Temple
  5941 | Temple   | Became a worshipper of Makhleb the Destroyer
  5941 | Temple   | Reached * piety under Makhleb
  5941 | Temple   | Reached ** piety under Makhleb
  6059 | D:7      | Reached skill level 1 in Invocations
  6139 | D:8      | Found a runed translucent gate.
  6139 | D:8      | Found a runed translucent gate.
  6139 | D:8      | Found a runed translucent gate.
  6144 | D:8      | Noticed Grognak's ghost (novice DrBe)
  6298 | D:8      | Found a runed translucent door.
  6317 | D:8      | Found a basalt altar of Yredelemnul.
  6461 | D:8      | Reached skill level 8 in Unarmed Combat
  6461 | D:8      | Reached skill level 2 in Invocations
  6481 | D:8      | Reached skill level 7 in Fighting
  6481 | D:8      | Reached skill level 7 in Dodging
  6481 | D:8      | Reached skill level 3 in Invocations
  6487 | D:8      | Found a glowing silver altar of Zin.
  6487 | D:8      | Noticed an angel
  6586 | D:8      | Reached XP level 10. HP: 80/102 MP: 11/11
  6612 | D:8      | HP: 24/102 [yak (13)]
  7219 | D:8      | HP: 20/102 [Grognak's ghost (15)]
  7234 | D:8      | Killed Grognak's ghost
  7235 | D:8      | Reached skill level 9 in Unarmed Combat
  7235 | D:8      | Reached skill level 4 in Invocations
  7348 | D:9      | Noticed a two-headed ogre
  7356 | D:9      | Killed a two-headed ogre
  7372 | D:9      | Reached *** piety under Makhleb
  7390 | D:9      | You pick up a book of Hexes and begin reading...
  7390 | D:9      | You add the spells Cause Fear, Yara's Violent Unravelling,
                  | Silence and Discord to your library.
  7740 | D:9      | Found a sparkling altar of Nemelex Xobeh.
  8073 | D:10     | Entered Level 10 of the Dungeon
  8137 | D:10     | Reached skill level 8 in Dodging
  8137 | D:10     | Reached skill level 5 in Invocations
  8165 | D:10     | Reached skill level 8 in Fighting
  8196 | D:10     | You pick up a book of Minor Magic and begin reading...
  8196 | D:10     | You add the spells Blink, Call Imp, Slow, Conjure Flame and
                  | Mephitic Cloud to your library.
  8209 | D:10     | Noticed an orange demon
  8216 | D:10     | Killed an orange demon
  8227 | D:10     | Reached XP level 11. HP: 45/104 MP: 13/13
  8572 | D:10     | Found a bloodstained altar of Trog.
  8574 | D:10     | Found a shimmering blue altar of Sif Muna.
  8576 | D:10     | Found an opulent altar of Gozag.
  8640 | D:10     | Found an ornate altar of the Wu Jian Council.
  8688 | D:10     | Reached skill level 10 in Unarmed Combat
  8970 | D:11     | Noticed a two-headed ogre
  8982 | D:11     | Reached **** piety under Makhleb
  8992 | D:11     | Noticed Erolcha
  9007 | D:11     | Killed a two-headed ogre
  9010 | D:11     | Killed Erolcha
  9011 | D:11     | Reached skill level 9 in Dodging
  9019 | D:11     | Reached skill level 9 in Fighting
  9075 | D:11     | Found a staircase to the Lair.
  9523 | D:12     | Found Hukigh's Antique Armour Shop.
  9586 | D:12     | Noticed a deep elf pyromancer
  9595 | D:12     | Killed a deep elf pyromancer
  9596 | D:12     | Reached skill level 11 in Unarmed Combat
  9644 | D:12     | Noticed a two-headed ogre
  9648 | D:12     | Killed a two-headed ogre
  9649 | D:12     | Reached XP level 12. HP: 124/124 MP: 14/14
  9666 | D:12     | Found Myud's General Store.
  9674 | D:12     | Bought a potion of curing for 42 gold pieces
  9960 | D:12     | Found Foaroxec's General Store.
  9979 | D:12     | Bought a potion of heal wounds for 90 gold pieces
 10215 | D:12     | Found a staircase to the Orcish Mines.
 10443 | D:12     | Noticed a two-headed ogre
 10452 | D:12     | Killed a two-headed ogre
 10604 | D:12     | Reached ***** piety under Makhleb
 10612 | D:12     | Reached skill level 10 in Dodging
 10615 | D:12     | Reached skill level 10 in Fighting
 10829 | D:13     | Noticed a two-headed ogre
 10830 | D:13     | Noticed an ogre mage
 10831 | D:13     | Noticed a two-headed ogre
 10831 | D:13     | Noticed a two-headed ogre
 10832 | D:13     | Noticed a two-headed ogre
 10838 | D:13     | Killed a two-headed ogre
 10848 | D:13     | Killed an ogre mage
 10852 | D:13     | Killed a two-headed ogre
 10853 | D:13     | Reached skill level 12 in Unarmed Combat
 10864 | D:13     | Killed a two-headed ogre
 10871 | D:13     | Killed a two-headed ogre
 10886 | D:13     | Noticed a tengu warrior
 10898 | D:13     | Killed a tengu warrior
 11027 | D:13     | Found Jaillamy's Weapon Boutique.
 11269 | D:13     | Noticed a death knight
 11332 | D:13     | HP: 13/127 [death knight/+3 glaive (38)]
 11337 | D:13     | HP: 14/127 [??? (12)]
 11342 | D:12     | HP: 18/127 [death knight/+3 glaive (28)]
 11348 | D:12     | HP: 14/127 [??? (12)]
 11349 | D:12     | Slain by a death knight

Vanquished Creatures
  An ogre mage (D:13)
  Erolcha (D:11)
  8 two-headed ogres
  A tengu warrior (D:13)
  The ghost of Grognak the Basher, a novice DrBe of Trog (D:8)
  A deep elf pyromancer (D:12)
  2 cyclopes (D:12)
  A manticore (D:12)
  Joseph (D:7)
  2 unseen horrors (D:11)
  2 orange demons (D:10)
  A komodo dragon (D:12)
  A kobold demonologist (D:12)
  3 red devils (D:10)
  5 trolls
  The ghost of indyram44 the Chopper, an amateur MiBe of Trog (D:5)
  2 shadows
  A human (D:8)
  6 wraiths
  28 yaks
  3 vampire mosquitoes (D:12)
  A water moccasin (D:7)
  3 acid dragons
  3 orc warriors
  2 black bears
  A necrophage (D:8)
  A sky beast (D:7)
  4 ogres
  A centaur (D:9)
  5 kobold brigands
  2 phantoms
  4 bullfrogs
  4 gnoll sergeants
  2 scorpions
  A water moccasin zombie (D:7)
  A water moccasin skeleton (D:5)
  14 wights
  A bullfrog zombie (D:7)
  10 howler monkeys
  2 hounds
  A human zombie (D:8)
  2 jellies
  2 centaur zombies
  A gnoll shaman (D:6)
  4 orc priests
  A centaur skeleton (D:5)
  A bullfrog skeleton (D:5)
  3 iguanas
  A scorpion zombie (D:5)
  Terence (D:3)
  6 orc wizards
  Natasha (D:3)
  A human skeleton (D:8)
  2 killer bee zombies
  A howler monkey zombie (D:10)
  A mummy (D:6)
  16 gnolls
  12 adders
  A white imp (D:5)
  An ufetubus (D:5)
  A worm (D:2)
  2 dart slugs (D:1)
  30 orcs
  5 endoplasms
  4 giant cockroaches
  3 goblins
  7 hobgoblins
  8 jackals
  7 kobolds (D:11)
  5 quokkas
  4 ball pythons
  5 bats
  2 frilled lizards (D:2)
  A goblin skeleton (D:8)
  A jackal zombie (D:1)
  A quokka zombie (D:1)
  A rat (D:3)
280 creatures vanquished.

Vanquished Creatures (others)
  3 fungi (D:11)
  7 plants (D:11)
10 creatures vanquished.

Grand Total: 290 creatures vanquished

Table legend:
 A = Non-vault XP
 B = Vault XP
 C = Vault XP percentage of total XP
 D = Non-vault monster count
 E = Vault monster count
 F = Vault count percentage of total count
                 A         B        C        D         E       F
            +---------+---------+-------+---------+---------+-------
      Total |   26250 |    7726 |  22.7 |     219 |      61 |  21.8
            +---------+---------+-------+---------+---------+-------
        D:1 |      20 |       2 |   9.1 |       8 |       2 |  20.0
        D:2 |      56 |       7 |  11.1 |      14 |       2 |  12.5
        D:3 |     257 |      71 |  21.6 |      21 |       2 |   8.7
        D:4 |      86 |       0 |   0.0 |      11 |       0 |   0.0
        D:5 |     550 |     454 |  45.2 |      18 |       7 |  28.0
        D:6 |     376 |     177 |  32.0 |      10 |       7 |  41.2
        D:7 |    1038 |     498 |  32.4 |      22 |       1 |   4.3
        D:8 |    3020 |    1890 |  38.5 |      28 |       9 |  24.3
        D:9 |    1261 |       0 |   0.0 |      10 |       0 |   0.0
       D:10 |    1154 |    1779 |  60.7 |      10 |       5 |  33.3
       D:11 |    4699 |    1533 |  24.6 |      35 |       6 |  14.6
       D:12 |    7945 |    1315 |  14.2 |      24 |      20 |  45.5
       D:13 |    5788 |       0 |   0.0 |       8 |       0 |   0.0
            +---------+---------+-------+---------+---------+-------

Illustrated notes

Table legend:
 A = Kills in this place as a percentage of kills in entire the game.
 B = Kills by you in this place as a percentage of kills by you in the entire game.
 C = Kills by friends in this place as a percentage of kills by friends in the entire game.
 D = Other kills in this place as a percentage of other kills in the entire game.
 E = Experience gained in this place as a percentage of experience gained in the entire game.
 F = Experience gained in this place divided by the number of levels of this place that you have seen.
                   A       B       C       D       E      F
               +-------+-------+-------+-------+-------+----------------------
         Total | 100.0 | 100.0 |   N/A |   N/A | 100.0 | 2426.9
       Dungeon | 100.0 | 100.0 |   N/A |   N/A | 100.0 | 2613.5
               +-------+-------+-------+-------+-------+----------------------

Table legend: (Time is in decaauts)
 A = Elapsed time spent in this place.
 B = Non-inter-level travel time spent in this place.
 C = Inter-level travel time spent in this place.
 D = Time resting spent in this place.
 E = Time spent auto-exploring this place.
 F = Levels seen in this place.
 G = Mean time per level.
                   A        B        C        D        E       F      G
               +--------+--------+--------+--------+--------+-----+--------+
         Total |  11258 |  10808 |    450 |    447 |   8373 |  14 |  804.1 |
       Dungeon |  11019 |  10597 |    422 |    447 |   8176 |  13 |  847.6 |
        Temple |    239 |    211 |     28 |      0 |    197 |   1 |  239.0 |
               +--------+--------+--------+--------+--------+-----+--------+

Top non-repeatable levels by time:
     D:8: 1448 daAuts
    D:12: 1323 daAuts
     D:4: 913 daAuts
     D:5: 881 daAuts
     D:1: 856 daAuts
     D:3: 839 daAuts
     D:7: 758 daAuts
     D:6: 740 daAuts
     D:9: 722 daAuts
    D:10: 694 daAuts
     D:2: 662 daAuts
    D:11: 633 daAuts
    D:13: 544 daAuts
  Temple: 239 daAuts
